 Dungeon Crawl Stone Soup version 0.21.0-26-g889b8f6872 (webtiles) character file.

122 GuyWithAPlan the Covert (level 5, 0/34 HPs)
             Began as an Octopode Assassin on Jan 27, 2018.
             Slain by a gnoll
             ... wielding a +2 whip of freezing
              (2 damage)
             ... on level 5 of the Dungeon.
             The game lasted 00:06:23 (2132 turns).

GuyWithAPlan the Covert (Octopode Assassin)         Turns: 2132, Time: 00:06:24

Health: 0/34       AC:  1    Str: 10    XL:     5   Next: 6%
Magic:  5/5        EV: 13    Int: 14    God:
Gold:   112        SH:  0    Dex: 14    Spells: 4/4 levels left

rFire    . . .     SeeInvis .   b - +0 blowgun
rCold    . . .     Gourm    .   (no shield)
rNeg     . . .     Faith    .   (helmet restricted)
rPois    .         Spirit   .   i - amulet of inaccuracy (curse)
rElec    .         Reflect  .   q - ring of loudness (curse)
rCorr    .         Harm     .   (no ring)
MR       .....                  (no ring)
Stlth    ++++......             (no ring)
HPRegen  0.11/turn              (no ring)
MPRegen  0.09/turn              (no ring)
                                (no ring)
                                (no ring)

@: no status effects
A: almost no armour, stealthy swim, amphibious, 8 rings, constrict 8, camouflage
1, gelatinous body 1
a: no special abilities


You were on level 5 of the Dungeon.
You were not hungry.

You visited 1 branch of the dungeon, and saw 4 of its levels.

You collected 112 gold pieces.

Inventory:

Hand Weapons
 a - a +2 dagger
 b - a +0 blowgun (weapon)
Missiles
 c - 20 poisoned needles (quivered)
 d - 2 curare-tipped needles
 g - 5 tomahawks
 j - 4 needles of confusion
 m - a throwing net
Jewellery
 i - a cursed amulet of inaccuracy (around mantle)
 q - a cursed ring of loudness (left tentacle)
Scrolls
 h - a scroll of immolation
 k - a scroll of magic mapping
Potions
 e - a potion of heal wounds
 l - a potion of brilliance
 p - a potion of lignification {unknown}
Comestibles
 f - 5 rations


   Skills:
 - Level 2.0 Fighting
 - Level 2.0 Short Blades
 - Level 2.0 Throwing
 - Level 1.0 Dodging
 + Level 8.6 Stealth


You had 4 spell levels left.
You didn't know any spells.

Dungeon Overview and Level Annotations

Branches:
Dungeon (5/15)
 Temple: D:4-7

Altars:
Sif Muna


Innate Abilities, Weirdness & Mutations

You cannot wear most types of armour.
You are very stealthy in the water. (Stealth+)
You are amphibious.
You can wear up to eight rings at the same time.
You can use your tentacles to constrict eight enemies at once.
Your skin changes colour to match your surroundings (Stealth+).
Your rubbery body absorbs attacks. (AC +1, EV +1)


Message History

The gnoll freezes you.
* * * LOW HITPOINT WARNING * * *
The gnoll looks more healthy.
You are too injured to fight recklessly!
Firing (i - inventory. (,) - cycle):
c - 22 poisoned needles (quivered)
Press: ? - help, Shift-Dir - straight line, f/p - gnoll
Aim: a gnoll, wielding a flail (almost dead)
You shoot a poisoned needle.
The poisoned needle closely misses the gnoll. x2
The gnoll closely misses you.
Firing (i - inventory. (,) - cycle):
c - 21 poisoned needles (quivered)
Press: ? - help, Shift-Dir - straight line, f/p - gnoll
Aim: a gnoll, wielding a flail (almost dead)
You shoot a poisoned needle.
The poisoned needle closely misses the gnoll.
The poisoned needle hits the gnoll.
The gnoll is poisoned.
The gnoll hits you with a flail.
* * * LOW HITPOINT WARNING * * *
The gnoll hits you with a whip of freezing.
You die...

######...# #.......?#
#........# #........#
.. # #........# .. #.
+........# .. #..
#...##..## ..
#...##...##..#######..
#....@.......#.....#..
#...##gg.....#.....#..
#...##.......+.....+..
#............##....#..
#...##.......##....#..
#...##.......##....#..
#. .........(......#..
# ................$#..
#..................#..


You could see 2 gnolls.

Vanquished Creatures
  A bullfrog skeleton (D:4)
  A jelly (D:5)
  A hound skeleton (D:4)
  A gnoll (D:5)
  A worm (D:2)
  A dart slug (D:1)
  2 leopard geckos
  An orc (D:4)
  5 bats
  A giant cockroach (D:1)
  5 goblins
  2 hobgoblins (D:1)
  2 ball pythons
  2 frilled lizards (D:1)
  3 kobolds (D:1)
  6 rats
35 creatures vanquished.

Notes
Turn   | Place    | Note
-------+----------+-------------------------------------------
     0 | D:1      | GuyWithAPlan the Octopode Assassin began the quest for the Orb.
     0 | D:1      | Reached XP level 1. HP: 14/14 MP: 1/1
   153 | D:1      | Reached XP level 2. HP: 19/19 MP: 2/2
   155 | D:1      | Reached skill level 6 in Stealth
   554 | D:1      | Reached XP level 3. HP: 23/24 MP: 3/3
  1041 | D:2      | Found a faded altar of an unknown god.
  1048 | D:2      | Reached skill level 7 in Stealth
  1085 | D:2      | You fall through a shaft for 2 floors!
  1103 | D:4      | Found a deep blue altar of Sif Muna.
  1308 | D:4      | Reached skill level 8 in Stealth
  1308 | D:4      | Reached XP level 4. HP: 8/29 MP: 4/4
  1898 | D:5      | Entered Level 5 of the Dungeon
  2097 | D:5      | Reached XP level 5. HP: 34/34 MP: 5/5
  2132 | D:5      | Slain by a gnoll

Skill      XL: |  1  2  3 |
---------------+----------+-----
Stealth        | 6 8 |  8.6
Fighting       | |  2.0
Short Blades   | |  2.0
Throwing       | |  2.0
Dodging        | |  1.0

Action                   |  1- 3 |  4- 6 || total
-------------------------+-------+-------++-------
Melee: Dagger            |    62 |     5 ||    67
       Constrict         |    11 |       ||    11
       Tentacles         |     7 |     1 ||     8
 Fire: Blowgun           |     3 |    13 ||    16
  Use: Scroll            |     4 |     2 ||     6
 Stab: Sleeping          |    10 |     2 ||    12
       Distracted        |     1 |       ||     1
  Eat: Ration            |       |     1 ||     1
Armor: Skin              |     5 |       ||     5
Dodge: Dodged            |    32 |     5 ||    37
